 Dungeon Crawl Stone Soup version 0.20.0-7-g3b7b877 (webtiles) character file.

38 Minion the Sneak (level 3, -7/27 HPs)
             Began as a Formicid Assassin on May 29, 2017.
             Was a Follower of Uskayaw.
             Killed by divine providence
             ... invoked by an orc priest
              (13 damage)
             ... on level 3 of the Dungeon.
             The game lasted 00:04:39 (1944 turns).

Minion the Sneak (Formicid Assassin)                Turns: 1944, Time: 00:04:40

Health: -7/27      AC:  4    Str: 15    XL:     3   Next: 65%
Magic:  3/3        EV: 12    Int: 10    God:    Uskayaw [*.....]
Gold:   74         SH:  0    Dex: 13    Spells: 2/2 levels left

rFire    . . .     SeeInvis +   a - +2 dagger
rCold    . . .     Gourm    .   (no shield)
rNeg     . . .     Faith    .   s - +1 robe {MR+}
rPois    .         Spirit   .   (helmet unavailable)
rElec    .         Reflect  .   d - +0 cloak
rCorr    .         Harm     .   (no gloves)
MR       +....                  (no boots)
Stlth    +++.......             (no amulet)
Regen    0.1/turn               (no ring)
MPRegen  0.1/turn               (no ring)

@: no status effects
A: permanent stasis, dig shafts and tunnels, four strong arms, antennae 3
a: Dig, Shaft Self, Stomp, Renounce Religion


You were on level 3 of the Dungeon.
You worshipped Uskayaw.
Uskayaw was noncommittal.
You were not hungry.

You visited 2 branches of the dungeon, and saw 5 of its levels.

You collected 74 gold pieces.

Inventory:

Hand Weapons
 a - a +2 dagger (weapon)
 b - a +0 blowgun
Missiles
 e - 11 poisoned needles
 f - 2 curare-tipped needles
Armour
 d - a +0 cloak (worn)
 s - a +1 robe of magic resistance (worn)
Scrolls
 c - a scroll of amnesia {unknown}
 k - 4 scrolls of identify {unknown}
 l - 2 scrolls of remove curse {unknown}
 m - 2 scrolls of teleportation {unknown}
 n - a scroll of noise {unknown}
 r - 3 scrolls of immolation {unknown}
Potions
 h - 2 potions of curing {unknown}
 p - a potion of heal wounds {unknown}
 q - a potion of degeneration {unknown}
Comestibles
 g - a bread ration
 i - 7 chunks of flesh
 j - 5 fruits
 o - 2 meat rations


   Skills:
 - Level 2.1 Fighting
 + Level 3.0 Short Blades
 - Level 2.0 Throwing
 + Level 1.6 Dodging
 + Level 5.2 Stealth


You had 2 spell levels left.
You didn't know any spells.

Dungeon Overview and Level Annotations

Branches:
Dungeon (4/15)             Temple (1/1) D:4

Altars:
Ashenzari
Elyvilon
Fedhas
Gozag
Hepliaklqana
Kikubaaqudgha
Makhleb
Okawaru
Qazlal
Ru
Sif Muna
Trog
Uskayaw
Vehumet
Xom
Yredelemnul


Innate Abilities, Weirdness & Mutations

You cannot be hasted, slowed, berserked, paralysed or teleported.
You can dig through walls and to a lower floor.
Your four strong arms can wield two-handed weapons with a shield.
You have a pair of large antennae on your head. (SInv)


Message History

An orc comes into view. It is wielding a flail.
The orc shouts!
The orc throws a tomahawk.
The tomahawk hits you.
You see here a tomahawk.
The orc throws a tomahawk.
The tomahawk closely misses you.
You see here an adder skeleton.
The orc throws a tomahawk.
The tomahawk hits you but does no damage.
You see here a tomahawk.
The orc throws a tomahawk.
The tomahawk hits you but does no damage.
You see here a tomahawk.
You see here a club.
The orc priest begins to cast a cantrip, but forgets the words!
The orc priest calls down the wrath of Beogh upon you.
Beogh smites you!
* * * LOW HITPOINT WARNING * * *
The orc priest calls down the wrath of Beogh upon you.
Beogh smites you!
You die...

#......... ####.........
#### ##..o.........
...########.o###########
####..........##
...#......o.o.#
#...........##
##.........# #.....@...#
#.........# #.>........#
##########.... ....
.#... { #.#


You could see an orc priest and 3 orcs.

Vanquished Creatures
  An adder (D:3)
  2 leopard geckos
  An orc (D:4)
  2 giant cockroaches (D:1)
  3 hobgoblins
  3 jackals (D:1)
  3 bats (D:1)
  3 frilled lizards (D:1)
  5 kobolds (D:1)
  4 rats
27 creatures vanquished.

Notes
Turn   | Place    | Note
-------+----------+-------------------------------------------
     0 | D:1      | Minion the Formicid Assassin began the quest for the Orb.
     0 | D:1      | Reached XP level 1. HP: 16/16 MP: 1/1
     2 | D:1      | Noticed a halfling
     2 | D:1      | Noticed a formicid
     4 | D:1      | Noticed a demigod
     4 | D:1      | Noticed a merfolk
     6 | D:1      | Noticed a draconian
     6 | D:1      | Noticed a ghoul
     8 | D:1      | Noticed a vine stalker
     8 | D:1      | Noticed a felid
    10 | D:1      | Noticed a gargoyle
    12 | D:1      | Noticed a naga
    14 | D:1      | Noticed an ogre
    14 | D:1      | Noticed a centaur
    16 | D:1      | Noticed a minotaur
    18 | D:1      | Noticed a troll
    18 | D:1      | Noticed a spriggan
    20 | D:1      | Noticed an octopode
    20 | D:1      | Noticed a demonspawn
    22 | D:1      | Noticed a tengu
    22 | D:1      | Noticed a vampire
    24 | D:1      | Noticed a dwarf
    24 | D:1      | Noticed a human
    26 | D:1      | Noticed an elf
    90 | D:1      | Reached skill level 1 in Dodging
   536 | D:1      | Reached XP level 2. HP: 22/22 MP: 2/2
   710 | D:1      | Reached skill level 5 in Stealth
  1165 | D:1      | Reached XP level 3. HP: 27/27 MP: 3/3
  1310 | D:1      | You fall through a shaft!
  1313 | D:2      | You fall through a shaft!
  1316 | D:3      | You fall through a shaft!
  1396 | D:4      | Found a staircase to the Ecumenical Temple.
  1403 | Temple   | Entered the Ecumenical Temple
  1584 | Temple   | Became a worshipper of Uskayaw the Reveler
  1722 | D:3      | Reached * piety under Uskayaw
  1731 | D:3      | Reached ** piety under Uskayaw
  1861 | D:3      | Found an iron altar of Okawaru.
  1944 | D:3      | Killed from afar by an orc priest

Skill      XL: |  1  2  3 |
---------------+----------+-----
Dodging        | 1 |  1.6
Stealth        | 5 |  5.2
Short Blades   | 3 |  3.0
Fighting       | |  2.1
Throwing       | |  2.0

Action                   || total
-------------------------++-------
Melee: Dagger            ||   101
 Abil: Dig               ||     1
       Shaft Self        ||     3
 Stab: Sleeping          ||     7
  Eat: Chunk             ||     3
       Royal jelly       ||     1
Armor: Robe              ||    20
Dodge: Dodged            ||    51
